Map: [ESL] Altitude

Players

Spirit - Winner!

  • Race: Terran Terran
  • Spawn Location: 7:00

ForJumy

  • Race: Protoss Protoss
  • Spawn Location: 1:00

Event: ESL SC2 Masters 2023 Summer (Regionals)

VOD

Have the link to the VOD?

Description

Time

  • Played on: May 2, 2023, 10:04 a.m.
  • Length: 8:32

All games in this series

Show
View Real Time Build Order
Export as new Build Order

Spirit Terran - Winner!

Build Orders:  

Get SALT Encoding   

  12  0:00  SCV  
  13  0:12  SCV  
  14  0:17  Supply Depot  
  14  0:24  SCV  
  15  0:39  SCV  
  15  0:40  Barracks  
  16  0:44  Refinery  
  16  0:51  SCV  
  17  1:03  SCV  
  18  1:09  Engineering Bay  
  18  1:15  SCV  
  19  1:27  Reaper  
  19  1:28  Orbital Command  
  20  1:34  Bunker  
  20  1:53  SCV  
  21  2:00  Barracks Reactor  
  21  2:03  Command Center  
  21  2:06  SCV  
  22  2:14  Supply Depot  
  22  2:18  SCV  
  23  2:29  Factory  
  23  2:31  SCV  
  23  2:36  Marine x2  
  25  2:42  Refinery  
  25  2:43  SCV  
  26  2:54  Marine x2  
  26  2:55  SCV  
  29  3:07  SCV  
  30  3:14  Factory Tech Lab  
  30  3:15  Barracks  
  30  3:16  Marine  
  31  3:28  SCV, Marine, Orbital Command  
  31  3:32  Cyclone  
  36  3:38  Marine  
  37  3:45  SCV  
  38  3:51  Bunker  
  38  3:52  Marine  
  39  3:55  SCV  
  39  3:57  SCV, Marine  
  42  4:06  Barracks Tech Lab  
  44  4:11  Barracks  
  46  4:20  SCV  
  46  4:21  SCV, Supply Depot  
  43  4:25  Marauder, Stimpack  
  43  4:28  Factory Reactor  
  43  4:30  Starport  
  45  4:33  SCV  
  46  4:42  SCV  
  46  4:43  Engineering Bay, Supply Depot  
  46  4:45  SCV  
  48  4:46  Supply Depot  
  48  4:52  Marauder  
  50  4:54  SCV, Marine  
  50  4:56  Marine  
  50  4:57  SCV  
  54  5:05  Widow Mine x2  
  58  5:08  Medivac  
  58  5:10  Combat Shield  
  58  5:12  SCV  
  61  5:15  SCV  
  61  5:19  Missile Turret, Marine  
  63  5:23  Terran Infantry Weapons Level 1  
  63  5:24  SCV  
  63  5:25  Supply Depot  
  64  5:30  Supply Depot  
  64  5:33  Marauder, Factory Reactor  
  64  5:35  Marine  
  67  5:36  SCV  
  67  5:42  Refinery  
  68  5:44  Marauder  
  68  5:46  Marine  
  68  5:47  SCV  
  68  5:48  SCV  
  73  5:52  Missile Turret  
  73  5:53  Marine  
  73  5:54  Marine  
  72  5:57  Medivac  
  74  6:04  Concussive Shells  
  74  6:05  SCV x2  
  74  6:10  Supply Depot  
  76  6:12  Supply Depot  
  76  6:13  Refinery  
  76  6:15  Marine  
  76  6:16  Marauder  
  76  6:17  SCV, Marine  
  76  6:18  Marauder  
  80  6:21  SCV  
  80  6:25  Medivac  
  83  6:30  SCV  
  84  6:34  Marine  
  84  6:37  Marauder, Marine  
  84  6:39  Marauder  
  90  6:40  SCV  
  90  6:45  SCV  
  92  6:52  Marine  
  92  6:55  Marine  
  92  6:59  Marauder  
  92  7:00  Marauder  
  89  7:01  Supply Depot  
  89  7:02  Supply Depot  
  89  7:03  Widow Mine  
  89  7:06  Widow Mine  
  89  7:07  Barracks  
  89  7:08  Barracks  
  92  7:10  Marine  
  92  7:12  Marine  
  92  7:13  Medivac x2  
  98  7:20  Marauder  
  98  7:21  Marine  
  101  7:28  Widow Mine x2, Marine  
  108  7:31  Supply Depot x2, Marine  
  107  7:40  Marauder  
  107  7:41  Marauder  
  107  7:43  Command Center  
  111  7:46  Marine, Medivac  
  111  7:49  Widow Mine  
  111  7:51  Medivac  
  118  7:54  SCV x2  
  118  7:57  Barracks Reactor  
  120  7:59  Barracks Tech Lab  
  114  8:06  SCV  
  114  8:07  Marine  
  114  8:09  Marine x2  
  105  8:14  Marine  
Show
View Real Time Build Order
Export as new Build Order

ForJumy Protoss 

Build Orders: 1 Gate Expand, Oracle Opening, Phoenix Opening 

Get SALT Encoding   

  12  0:00  Probe  
  13  0:12  Probe  
  14  0:18  Pylon  
  14  0:24  Probe  
  15  0:36  Probe (Chrono Boost)  
  15  0:37  Gateway  
  16  0:47  Probe (Chrono Boost), Assimilator  
  17  0:52  Probe (Chrono Boost)  
  18  1:03  Probe  
  19  1:15  Probe  
  20  1:32  Nexus  
  20  1:37  Cybernetics Core  
  20  1:40  Probe  
  21  1:47  Pylon  
  21  1:52  Probe  
  22  1:57  Assimilator  
  22  2:04  Probe  
  23  2:10  Stalker (Chrono Boost)  
  25  2:19  Probe  
  26  2:27  Stargate  
  26  2:31  Probe  
  27  2:37  Stalker (Chrono Boost)  
  27  2:43  Probe  
  30  2:46  Warp Gate  
  30  2:48  Probe  
  31  2:55  Probe  
  31  3:00  Probe  
  31  3:03  Adept  
  33  3:07  Probe  
  33  3:12  Probe  
  35  3:14  Oracle (Chrono Boost)  
  38  3:23  Probe  
  38  3:26  Probe  
  39  3:35  Probe (Chrono Boost)  
  39  3:38  Probe (Chrono Boost)  
  41  3:44  Phoenix  
  43  3:50  Probe (Chrono Boost)  
  43  3:53  Probe (Chrono Boost)  
  44  3:56  Probe (Chrono Boost)  
  44  3:59  Probe (Chrono Boost)  
  46  4:04  Probe  
  46  4:12  Pylon, Twilight Council  
  46  4:21  Gateway  
  46  4:30  Probe x2  
  48  4:31  Phoenix (Chrono Boost)  
  50  4:43  Probe  
  50  4:44  Charge (Chrono Boost)  
  51  4:49  Nexus  
  51  4:53  Phoenix (Chrono Boost)  
  51  4:56  Pylon  
  53  5:00  Probe, Pylon  
  54  5:07  Gateway  
  54  5:14  Probe  
  55  5:18  Gateway, Pylon  
  55  5:20  Phoenix  
  57  5:23  Probe  
  58  5:29  Gateway  
  58  5:35  Zealot x2  
  62  5:40  Gateway  
  62  5:48  Gateway  
  62  5:50  Phoenix (Chrono Boost)  
  62  5:57  Gateway  
  64  6:00  Pylon  
  64  6:04  Zealot x2  
  64  6:07  Phoenix (Chrono Boost)  
  70  6:18  Zealot  
  70  6:19  Probe x3  
  70  6:24  Zealot x2  
  79  6:32  Zealot x2  
  83  6:36  Zealot  
  85  6:45  Zealot  
  85  6:46  Zealot  
  86  6:51  Probe  
  81  6:55  Phoenix (Chrono Boost)  
  82  7:02  Zealot x3  
  82  7:03  Zealot  
  90  7:09  Zealot x2  
  90  7:10  Sentry  
  90  7:14  Zealot  
  98  7:19  Phoenix (Chrono Boost)  
  100  7:24  Pylon  
  100  7:28  Pylon  
  100  7:34  Probe  
  101  7:42  Probe, Phoenix  
  104  7:45  Zealot x2  
  104  7:46  Probe x2  
  104  7:49  Pylon  
  110  7:54  Probe, Zealot x2  
  110  7:57  Zealot  
  109  8:09  Zealot x4  
  86  8:14  Zealot  
  66  8:20  Zealot x2  
  66  8:21  Zealot  
Tags
 
Add a new tag
Caveats
  • Supply blocks, unpowered buildings, or Contaminate may cause inaccurate times.
  • Supply counts are checked every 10 seconds.